 Dungeon Crawl Stone Soup version 0.32-a0-876-gcfddb08e57 (webtiles) character file.

Game seed: 5763806647638002467

6463 pokedragonboy the Thaumaturge (level 10, -9/50 HPs)
             Began as a Deep Elf Conjurer on Apr 2, 2024.
             Was a Believer of Sif Muna.
             Shot with an arrow by a centaur (11 damage)
             ... on level 9 of the Dungeon.
             The game lasted 00:27:31 (9719 turns).

pokedragonboy the Thaumaturge (Deep Elf Conjurer)   Turns: 9719, Time: 00:27:32

Health: -9/50      AC:  6    Str:  4    XL:     10   Next: 68%
Magic:  29/37      EV: 14    Int: 28    God:    Sif Muna [**....]
Gold:   523        SH:  0    Dex: 13    Spells: 23/34 levels left

rFire   . . .        k - +8 autumn katana {manifold assault}
rCold   . . .        (no shield)
rNeg    . . .        a - +0 robe
rPois   .            g - +2 hat
rElec   .            v - +0 cloak
rCorr   .            y - +0 pair of gloves
SInv    .            (no boots)
Will    +....        G - amulet of regeneration
Stlth   ++           H - ring of magical power
HPRegen 1.08/turn    i - ring of wizardry
MPRegen 0.25/turn

%: wizardry (x1)
@: no status effects
A: no striking features
a: Renounce Religion, Channel Magic


You were on level 9 of the Dungeon.
You worshipped Sif Muna.
Sif Muna was pleased with you.
You visited 2 branches of the dungeon, and saw 10 of its levels.
You also visited: Bailey.

You collected 523 gold pieces.

Inventory:

Hand Weapons
 e - a +2 dagger of protection
 k - the +8 autumn katana (weapon) {manifold assault}
   (You found it on level 2 of the Dungeon)
Missiles
 E - a throwing net
Armour
 a - a +0 robe (worn)
 f - the +3 chain mail "Voaxesum" {^Drain rPois rC+ Dex+3}
   (You found it on level 3 of the Dungeon)

   Dex+3:     It affects your dexterity (+3).
   rC+:       It protects you from cold.
   rPois:     It protects you from poison.
   ^Drain:    It drains your maximum health when unequipped.
 g - a +2 hat (worn)
 v - a +0 cloak (worn)
 y - a +0 pair of gloves (worn)
Magical Staves
 j - a staff of air
Jewellery
 c - an amulet of the acrobat
 i - a ring of wizardry (right hand)
 B - a ring of flight
 G - an amulet of regeneration (around neck)
 H - a ring of magical power (left hand)
Talismans
 h - a blade talisman
 K - a flux talisman
Wands
 w - a wand of paralysis (8)
 I - a wand of flame (7)
 M - a wand of quicksilver (10)
 N - a wand of iceblast (12)
Scrolls
 d - 2 scrolls of noise
 o - 2 scrolls of revelation
 q - 2 scrolls of blinking
 r - a scroll of amnesia
 s - 8 scrolls of teleportation
 x - a scroll of fog
 D - a scroll of enchant weapon {unknown}
 J - a scroll of fear
Potions
 b - a potion of magic
 l - a potion of resistance {unknown}
 m - a potion of lignification
 n - 2 potions of invisibility {unknown}
 p - a potion of degeneration {unknown}
 t - 2 potions of curing {unknown}
 u - 4 potions of haste {unknown}
 z - 3 potions of heal wounds {unknown}
 A - a potion of brilliance
 C - 2 potions of might
 F - 2 potions of enlightenment {unknown}
 L - a potion of experience {unknown}


   Skills:
 + Level 8.1 Dodging
 - Level 2.4 Stealth
 * Level 12.7 Spellcasting
 * Level 11.3 Conjurations
 + Level 7.0 Invocations


You had 23 spell levels left.
You knew the following spells:

 Your Spells              Type           Power      Damage    Failure   Level
a - Magic Dart            Conj           100%       1d8       1%          1
b - Searing Ray           Conj           100%       2d8       1%          2
d - Iskenderun's Mystic   Conj/Tloc      49%        2d11      (+2d51%     4
f - Fulminant Prism       Conj/Alch      24%        3d12      1%          4

Your spell library contained the following spells:

 Spells                   Type           Power      Damage    Failure   Level
 Lesser Beckoning         Tloc           34%        N/A       1%          2
 Teleport Other           Tloc           17%        N/A       3%          3
 Animate Armour           Summ/Erth      34%        N/A       12%         4
 Maxwell's Portable Pile  Tloc           17%        2d(8-15)  12%         4
 Summon Lightning Spire   Summ/Air       17%        N/A       12%         4
 Lee's Rapid Deconstruct  Erth           8%         3d7*      32%         5


Dungeon Overview and Level Annotations

Branches:
Dungeon (9/15)             Temple (1/1) D:7          Bailey (visited)
   Lair: D:8-11         Orc: D:9-12

Altars:
Ashenzari
Cheibriados
Dithmenos
Elyvilon
Fedhas
Gozag
Hepliaklqana
Kikubaaqudgha
Makhleb
Nemelex Xobeh
Okawaru
Qazlal
Ru
Sif Muna
Trog
Uskayaw
Vehumet
Wu Jian
Xom
Yredelemnul
Zin
The Shining One

Shops:
D:5 (


Message History

The centaur shouts!
You hear a shout!
The centaur wields a +0 shortbow.
The centaur shoots an arrow.
The arrow hits you!
The centaur wields a +0 orcbow.
The centaur shoots an arrow.
The arrow hits you.
The centaur shoots an arrow.
The arrow hits you.
A centaur comes into view.
It is wielding a +2 flail of protection.
The centaur wields a +0 shortbow.
The centaur shoots an arrow.
The arrow hits you.
Casting: Searing Ray (safe; 1% risk of failure)
Confirm with . or Enter, or press ? or * to list all spells.
Aiming: Fulminant Prism (dangerous; 1% risk of failure)
Press: ? - help, Dir - move target You conjure a prism of explosive energy!
The centaur shouts!
A fulminant prism comes into view.
The centaur shoots an arrow.
The arrow hits you.
The centaur shoots an arrow.
The arrow hits your fulminant prism!
The centaur unwields a +0 shortbow.
The centaur hits your fulminant prism. The centaur kicks your fulminant prism.
Your fulminant prism detonates feebly.
The centaur shoots an arrow.
The arrow hits you.
The centaur shoots an arrow.
The arrow barely misses you.
The centaur wields a +0 orcbow.
The centaur shoots an arrow.
The arrow completely misses you.
You hear a shout!
The centaur shoots an arrow.
The arrow misses you.
The centaur shoots an arrow.
The arrow closely misses you.
The centaur wields a +0 shortbow.
The centaur shoots an arrow.
The arrow hits you.
The centaur shoots an arrow.
The arrow barely misses you.
A centaur comes into view.
Casting: Fulminant Prism (dangerous; 1% risk of failure)
Confirm with . or Enter, or press ? or * to list all spells.
Aiming: Fulminant Prism (dangerous; 1% risk of failure)
Press: ? - help, Dir - move target You conjure a prism of explosive energy!
A fulminant prism comes into view.
The centaur shoots an arrow.
The arrow hits you!
* * * LOW HITPOINT WARNING * * *
The centaur shoots an arrow.
The arrow hits you!
* * * LOW HITPOINT WARNING * * *
The centaur shoots an arrow.
The arrow hits you!
You die...

###..## ####.............,,,,,,
.....# ###...........,**,,,
.....# ##........###****,,
.....## ##§....(.### **, .....)#
##§§§....## ** #....)##
###§§§§....# *
.....).####..§§§§§...## ***
....#)).##..§§§§§§....#********,,
...###).....§§§§@§....#*~~~~~~,,,
..###.))))))§§§§§....≈≈≈≈~~~~~~~,
.###........#####...≈≈≈≈≈~,,~~~~~
(##.........## ##.≈≈≈≈.#***,~~~~
.............### *≈≈*≈c##,,*,~~~~
##.............#**≈≈≈.c#*,,*,~~~~
#........###....*≈≈≈cc.#*>*,,~~~
#.......## *##..~≈≈≈c.c.*,*,,~~~
*#.......# *#.~~~~~,,,*+*,,~~~


You could see 6 centaurs and a friendly fulminant prism.

Vanquished Creatures
  2 vault guards (Bailey)
  A two-headed ogre (D:8)
  Prince Ribbit (Bailey)
  4 humans (Bailey)
  Menkaure (D:6)
  A steam dragon (D:8)
  2 orc warriors
  A sky beast (D:7)
  3 ice beasts (D:5)
  3 centaurs
  2 phantoms
  2 kobold brigands
  11 bullfrogs
  2 scorpions
  5 wights (D:8)
  3 killer bees (D:9)
  2 howler monkeys
  5 orc priests
  2 bombardier beetles
  4 hounds
  A jelly (D:6)
  A gnoll bouda (D:6)
  8 iguanas
  3 sleepcaps
  12 orc wizards
  11 adders
  8 gnolls
  2 white imps
  3 dart slugs
  3 ribbon worms
  25 orcs
  11 bats
  5 endoplasms
  5 giant cockroaches
  13 goblins
  6 hobgoblins
  9 jackals
  20 kobolds
  2 quokkas
  5 ball pythons
  4 frilled lizards
  2 rats
216 creatures vanquished.

Vanquished Creatures (others)
  18 fulminant prisms
18 creatures vanquished.

Grand Total: 234 creatures vanquished

Notes
Turn   | Place    | Note
-------+----------+-------------------------------------------
     0 | D:1      | pokedragonboy the Deep Elf Conjurer began the quest for the
                  | Orb.
     0 | D:1      | Reached XP level 1. HP: 10/10 MP: 6/6
   327 | D:1      | Reached XP level 2. HP: 15/15 MP: 4/8
   575 | D:1      | Learned a level 2 spell: Searing Ray
   807 | D:1      | Reached XP level 3. HP: 19/19 MP: 8/10
  1216 | D:2      | Reached skill level 1 in Invocations
  1414 | D:2      | Found the +8 autumn katana {manifold assault}
  1447 | D:2      | Reached skill level 4 in Spellcasting
  1447 | D:2      | Reached skill level 5 in Conjurations
  1516 | D:2      | Reached XP level 4. HP: 24/24 MP: 9/12
  2285 | D:3      | Found an ancient bone altar of Kikubaaqudgha.
  2291 | D:3      | Identified the +3 chain mail "Voaxesum" {^Drain rPois rC+
                  | Dex+3}
  2308 | D:3      | Found a faded altar of an unknown god.
  2595 | D:3      | Reached XP level 5. HP: 28/28 MP: 10/14
  2641 | D:3      | Found an opulent altar of Gozag.
  3156 | D:4      | Reached skill level 5 in Spellcasting
  3226 | D:4      | Reached XP level 6. HP: 22/32 MP: 6/16
  3661 | D:4      | Reached skill level 6 in Spellcasting
  3754 | D:4      | Learned a level 4 spell: Iskenderun's Mystic Blast
  4505 | D:5      | Entered Level 5 of the Dungeon
  4600 | D:5      | Reached XP level 7. HP: 36/36 MP: 1/18
  5024 | D:5      | Reached skill level 7 in Spellcasting
  5106 | D:5      | Found Mecega's Weapon Emporium.
  5387 | D:5      | Reached XP level 8. HP: 34/41 MP: 9/21
  5486 | D:5      | Learned a level 4 spell: Fulminant Prism
  5675 | D:5      | Reached skill level 5 in Dodging
  5830 | D:6      | Reached skill level 8 in Spellcasting
  5877 | D:6      | Noticed Menkaure
  5881 | D:6      | Killed Menkaure
  7037 | D:7      | Found a staircase to the Ecumenical Temple.
  7152 | Temple   | Entered the Ecumenical Temple
  7161 | Temple   | Became a worshipper of Sif Muna the Loreminder
  7252 | D:7      | Found a stormy altar of Qazlal.
  7316 | D:7      | Reached skill level 9 in Spellcasting
  7613 | D:7      | Reached XP level 9. HP: 45/45 MP: 24/24
  7649 | D:7      | You fall into a shaft and drop 2 floors!
  7668 | D:9      | Reached skill level 5 in Invocations
  7753 | D:9      | Found a flagged portal.
  7764 | Bailey   | Entered a bailey
  7798 | Bailey   | Reached skill level 10 in Spellcasting
  7925 | Bailey   | Reached * piety under Sif Muna
  8019 | Bailey   | Noticed a vault guard
  8019 | Bailey   | Noticed Prince Ribbit
  8023 | Bailey   | Killed Prince Ribbit
  8032 | Bailey   | Killed a vault guard
  8033 | Bailey   | Reached skill level 11 in Spellcasting
  8033 | Bailey   | Reached skill level 10 in Conjurations
  8061 | Bailey   | Noticed a vault guard
  8077 | Bailey   | Killed a vault guard
  8078 | Bailey   | Reached XP level 10. HP: 50/50 MP: 2/27
  8599 | D:8      | Reached skill level 12 in Spellcasting
  9020 | D:8      | Identified the +3 sling "Eplapol" {antimagic, rF+ Str+8}
  9330 | D:8      | Noticed a two-headed ogre
  9334 | D:8      | Killed a two-headed ogre
  9584 | D:9      | Reached ** piety under Sif Muna
  9719 | D:9      | HP: 2/50 [centaur/arrow (9)]
  9719 | D:9      | Shot with an arrow by a centaur

Illustrated notes

Levels and vault maps discovered:
D:1:      dpeg_arrival_arbitrary_a, layout_loops_ring
D:2:      layout_basic, minmay_increasing_density
D:3:      layout_loops_ring, mainiacjoe_overflow_paths,
          mainiacjoe_overflow_concentric_impassable, basic_ecumenical_altar,
          minmay_between
D:4:      layout_basic
D:5:      layout_loops_cross, serial_shops, nicolae_shop_gibbet_a_chance
D:6:      layout_basic, roderic_batcave, uniq_menkaure
D:7:      layout_basic, grunt_qazlal_sundering, temple_pool_b
D:8:      minmay_flawed_box, layout_loops_cross
D:9:      layout_layer_cave, enter_bailey_2, centaur_isle
Temple:   hellmonk_temple_of_storms

Skill      XL: |  1  2  3  4  5  6  7  8  9 10 |
---------------+-------------------------------+-----
Invocations    | 1 2 3 4 6 7 |  7.0
Spellcasting   | 4 5 6 7 9 11 12 | 12.7
Conjurations   | 5 6 7 8 10 11 | 11.3
Dodging        | 3 4 6 7 8 |  8.1
Stealth        | |  2.4

Action                     |  1- 3 |  4- 6 |  7- 9 | 10-12 || total
---------------------------+-------+-------+-------+-------++-------
  Melee: Unarmed           |     1 |       |       |       ||     1
         Katana            |       |     5 |     9 |    14 ||    28
   Cast: Magic Dart        |    72 |    74 |    74 |    25 ||   245
         Searing Ray       |     2 |    23 |    51 |    19 ||    95
         Iskenderun's Myst |       |       |    16 |     6 ||    22
         Fulminant Prism   |       |       |    11 |     8 ||    19
 Invoke: Channel Magic     |       |       |     1 |       ||     1
    Use: Scroll            |     1 |     3 |     8 |     1 ||    13
   Stab: Sleeping          |     1 |       |       |       ||     1
 Armour: Robe              |    10 |    14 |    27 |    34 ||    85
  Dodge: Dodged            |    12 |    17 |    42 |    31 ||   102

Table legend: (Time is in decaauts)
 A = Elapsed time spent in this place.
 B = Non-inter-level travel time spent in this place.
 C = Inter-level travel time spent in this place.
 D = Time resting spent in this place.
 E = Time spent auto-exploring this place.
 F = Levels seen in this place.
 G = Mean time per level.
                   A        B        C        D        E       F      G
               +--------+--------+--------+--------+--------+-----+--------+
         Total |   9731 |   9364 |    367 |   1275 |   6829 |  11 |  884.6 |
       Dungeon |   9051 |   8701 |    350 |    939 |   6679 |   9 | 1005.7 |
        Temple |     18 |      1 |     17 |      0 |      0 |   1 |   18.0 |
        Bailey |    661 |    661 |      0 |    336 |    149 |   1 |  661.0 |
               +--------+--------+--------+--------+--------+-----+--------+

Top non-repeatable levels by time:
     D:4: 1459 daAuts
     D:5: 1270 daAuts
     D:6: 1205 daAuts
     D:1: 1085 daAuts
     D:2: 1067 daAuts
     D:8: 932 daAuts
     D:3: 890 daAuts
     D:7: 782 daAuts
  Bailey: 661 daAuts
     D:9: 356 daAuts
  Temple: 18 daAuts
